[Event "*** Titled Tuesday Blitz"]
[Site "Chess.com"]
[Date "2021.03.16"]
[Round "2"]
[White "dretch"]
[Black "hypert"]
[Result "1/2-1/2"]
[WhiteElo "2847"]
[BlackElo "2575"]
[TimeControl "180+1"]
[EndTime "10:18:00 PDT"]
[Termination "Game drawn - insufficient material"]

1. d4 d5 2. c4 c6 3. Nc3 Nf6 4.
e3 e6 5. Bd3 Nbd7 6. e4 dxe4 7.
Nxe4 c5 8. Nf3 cxd4 9. Nxd4 Ne5 10. Nxf6+ gxf6 11. Be2 Bb4+ 12. Bd2 Qa5 13. Bxb4 Qxb4+ 14. Qd2 Qxd2+ 15. Kxd2 Ke7 16. f4 Rd8 17. Ke3 Nc6 18.
Nxc6+ bxc6 19. Rhd1 c5 20. Rxd8 Kxd8 21. Rd1+ Ke7 22. Rd3 Rb8 23. Ra3 a6 24. b3 e5 25.
Ra5 Kd6 26. Bf3 Rb6 27. Bd5 Be6 28. Bxe6 fxe6 29. fxe5+ fxe5 30. Ke4 Rc6 31. g4 Rb6 32. g5 Rc6 33. h4 Rb6 34. h5 Rc6 35. h6 Ke7 36.
Kxe5 Kf7 37. a3 Kg6 38. Kf4 Kh5 39. Ke5 Kxg5 40. b4 cxb4 41. Kd4+ Kxh6 42. axb4 Kg6 43. Ra1 h5 44. Rg1+ Kh6 45. c5 h4 46. Rg8 Kh5 47. Ke5 h3 48. Kf4 a5 49. Rh8+ Kg6 50. bxa5 Rxc5 51.
Rxh3 Rc4+ 52. Ke5 Ra4 53. Kxe6 Rxa5 54. Rg3+ Rg5 55. Rxg5+ Kxg5 1/2-1/2

[Event "*** Titled Tuesday Blitz"]
[Site "Chess.com"]
[Date "2021.03.16"]
[Round "2"]
[White "bricolageur"]
[Black "DamianoLew95"]
[Result "0-1"]
[WhiteElo "2234"]
[BlackElo "2478"]
[TimeControl "180+1"]
[EndTime "10:18:00 PDT"]
[Termination "DamianoLew95 won by resignation"]

1. e4 c5 2. Nf3 d6 3. d4 cxd4 4. Nxd4 Nf6 5. Nc3 Nc6 6. Bc4 Qb6 7. Nb3 e6 8. Bf4 Ne5 9. Be2 Bd7 10. g4 h6 11. h4 a6 12. Rh2 Rc8 13. Be3 Qc7 14. Rg2 Nc4 15. Bxc4 Qxc4 16. f3 Be7 17. Qd2 d5 18. e5 d4 19. Qxd4 Nd5 20. Nxd5 Bxh4+ 21. Bf2 Bxf2+ 22. Rxf2 exd5 23. O-O-O Be6 24. Rh1 Qb5 25. Kb1 Rc4 26. Qd2 Qb6 27. Rd1 g6 28. Rh2 Qc7 29. Nd4 Qxe5 30. c3 Qg7 31. Re2 O-O 32. Rh1 g5 33. Nxe6 Qg6+ 34. Ka1 fxe6 35. Rhe1 Rf6 36. Re3 Rcf4 37. Qe2 Qf7 38. a3 Rxf3 39.
Rxf3 Rxf3 40. Qxe6 Qxe6 41. Rxe6 Kg7 42. Rd6 Rf4 43.
Rd7+ Kf6 44. Rxb7 Rxg4 45. Rb6+ Kg7 46. Rxa6 Rf4 47. Rd6 g4 48. Rxd5 g3 49. Rd3 Rg4 50. Rd1 h5 51. Rg1 h4 52. c4 Rxc4 53. Ka2 Rg4 54.
Kb3 h3 0-1

[Event "*** Titled Tuesday Blitz"]
[Site "Chess.com"]
[Date "2021.03.16"]
[Round "2"]
[White "vladgoncharov"]
[Black "esrosenberg"]
[Result "0-1"]
[WhiteElo "2436"]
[BlackElo "2222"]
[TimeControl "180+1"]
[EndTime "10:18:00 PDT"]
[Termination "esrosenberg won by resignation"]

1. d4 Nf6 2. c4 e6 3. Nf3 d5 4. Nc3 Bb4 5. e3 O-O 6. Bd3 dxc4 7. Bxc4 c5 8. O-O cxd4 9. exd4 Qc7 10. Bb3 a6 11.
Bg5 Nbd7 12. Rc1 Qa5 13. Qe2 h6 14. Bd2 Qh5 15. h3 Re8 16. a3 Bd6 17. Rfe1 b5 18. d5 Nc5 19. Ba2 exd5 20. Qxe8+ Nxe8 21. Rxe8+ Kh7 22. Bxd5 Bb7 23. Rxa8 Bxd5 24. Nxd5 Qxd5 25. Bc3 Qxa8 26. Rd1 Ne4 27. Be1 Bc5 28. Rd7 Qe8 29. Rc7 Qe6 30. b4 Bxf2+ 31. Bxf2 Nxf2 32. Kxf2 Qa2+ 33.
Kg3 Qxa3 34. Rxf7 Qxb4 35. h4 Qd6+ 36. Kf2 b4 37. Rb7 a5 38. g4 Qd5 39. Rc7 b3 40. g5 b2 41. h5 hxg5 42. h6 Kxh6 43. Rc8 Kh7 44. Kg3 b1=Q 45. Rc3 Qbf5 46. Ra3 Qdxf3+ 47. Rxf3 Qxf3+ 48. Kxf3 a4 49. Kg4 a3 50. Kxg5 a2 0-1

[Event "*** Titled Tuesday Blitz"]
[Site "Chess.com"]
[Date "2021.03.16"]
[Round "2"]
[White "cukin84"]
[Black "Forantes"]
[Result "0-1"]
[WhiteElo "2102"]
[BlackElo "2419"]
[TimeControl "180+1"]
[EndTime "10:18:00 PDT"]
[Termination "Forantes won on time"]

1. e4 c5 2. Nc3 g6 3. d4 cxd4 4.
Qxd4 Nf6 5. e5 Nc6 6. Qe3 Ng8 7. Nf3 Bg7 8. Bb5 Nh6 9. O-O O-O 10. Bxc6 dxc6 11. Qe2 Qa5 12. h3 Rd8 13. Bg5 Nf5 14. g4 Nd4 15. Nxd4 Rxd4 16. Bxe7 Qxe5 17. Qxe5 Bxe5 18.
Rfe1 f6 19. Ne4 Kf7 20. Bc5 Rd5 21. c4 Rd3 22. g5 Bxh3 23. gxf6 Bxf6 24. Nd6+ Kg7 25.
Nxb7 Rb8 26. Nd6 Bd7 27. Rab1 Rxb2 28. Ne4 Rxb1 29. Rxb1 Be5 30. Rb7 Kg8 31. Kg2 Bf5 32. Ng3 Be6 33. Re7 Bxg3 34. Rxe6 Bh4 35. Rxc6 Bd8 36.
Rc8 Kf7 37. Bxa7 Be7 38. Rc7 Ke6 39. c5 Rd2 40. c6 Bd6 41. Rd7 Rxa2 42. c7 Kxd7 43.
Bb8 Bxc7 44. Bxc7 Kxc7 45. Kg3 Ra4 0-1

[Event "*** Titled Tuesday Blitz"]
[Site "Chess.com"]
[Date "2021.03.16"]
[Round "2"]
[White "VladaSviridova"]
[Black "mjray79"]
[Result "0-1"]
[WhiteElo "2223"]
[BlackElo "2456"]
[TimeControl "180+1"]
[EndTime "10:18:01 PDT"]
[Termination "mjray79 won by resignation"]

1. d4 Nf6 2. c4 g6 3. Nc3 Bg7 4. e4 d6 5. Nf3 O-O 6. Be2 e5 7. O-O Nc6 8. d5 Ne7 9. Ne1 Nd7 10. Be3 f5 11. f3 f4 12. Bf2 g5 13. Nd3 Nf6 14. c5 h5 15. Rc1 Rf7 16. Kh1 Ng6 17. Rg1 g4 18. g3 fxg3 19. Rxg3 Bh6 20. Rc2 Kh7 21. fxg4 Bxg4 22. Bxg4 Nxg4 23. Bg1 Qh4 24.
Rcg2 Raf8 25. Rxg4 hxg4 26. Rxg4 Qh5 27. Qe2 Rf3 28.
Rg2 Nh4 29. Rg3 Qf7 30. Rxf3 Qxf3+ 31. Qxf3 Rxf3 32. Nf2 Be3 33. Ng4 Bxg1 34. Kxg1 Kg6 35. Nf2 Rf7 36. Kf1 a6 37. Ke2 Kg5 38. cxd6 cxd6 39.
a4 Ng6 40. a5 Nf4+ 41. Kd2 Nxd5 42. Nxd5 Rxf2+ 43. Kc3 Rxh2 44. b4 Re2 45. Kd3 Rb2 46.
Kc3 Rh2 47. Kd3 Kg4 48. Nf6+ Kf3 49. Ne8 Rh1 50. Nf6 Rd1+ 51. Kc3 Rd4 52. Kb3 Rxe4 53.
Nxe4 Kxe4 54. Kc4 d5+ 55. Kc5 d4 56. Kb6 d3 57. b5 d2 58. bxa6 bxa6 59. Kxa6 d1=Q 0-1

[Event "*** Titled Tuesday Blitz"]
[Site "Chess.com"]
[Date "2021.03.16"]
[Round "2"]
[White "aa175"]
[Black "GMAkobianSTL"]
[Result "0-1"]
[WhiteElo "2563"]
[BlackElo "2853"]
[TimeControl "180+1"]
[EndTime "10:18:02 PDT"]
[Termination "GMAkobianSTL won on time"]

1. d4 d5 2. Bf4 c5 3. e3 Nc6 4.
Nf3 cxd4 5. exd4 Bg4 6. c3 Bxf3 7. Qxf3 e6 8. Nd2 Nf6 9. Bd3 Bd6 10. O-O Bxf4 11. Qxf4 O-O 12. Nf3 Rb8 13. Ne5 Nxe5 14. dxe5 Nd7 15. Qd4 Qb6 16. a4 Rfc8 17. Rfc1 a6 18.
b4 Qc7 19. f4 g6 20. a5 Qd8 21. Rc2 Rc7 22. Rac1 Rbc8 23. h3 Qe7 24. Kh2 h5 25. Qf2 h4 26. Qe3 Kg7 27. Qe1 Nb8 28. Qf2 Nc6 29.
Qb6 Qd8 30. Qc5 Kg8 31. Qe3 Kg7 32. Qc5 Qe7 33. Qb6 Nb8 34. Be2 Nd7 35. Qd4 Nb8 36.
Bf3 Rc4 37. Qb6 Rxf4 38. Qe3 Rfc4 39. Be2 R4c7 40. Rf1 Nd7 41. Bd3 Rc4 42. Bxc4 Rxc4 43. Rcf2 Re4 44. Qa7 Nxe5 45. Qb8 f6 46. Qc8 f5 47.
Rf4 Rxf4 48. Rxf4 Qd6 49. Qxb7+ Kf6 50. Qc8 Nd3 0-1

[Event "*** Titled Tuesday Blitz"]
[Site "Chess.com"]
[Date "2021.03.16"]
[Round "2"]
[White "Agnes66678"]
[Black "Supernotar"]
[Result "0-1"]
[WhiteElo "2413"]
[BlackElo "2712"]
[TimeControl "180+1"]
[EndTime "10:18:03 PDT"]
[Termination "Supernotar won by resignation"]

1. d4 d5 2. c4 dxc4 3. e4 Nf6 4. e5 Nd5 5. Bxc4 Nb6 6. Bb3 Nc6 7. Ne2 Bf5 8. Nbc3 e6 9. Be3 Nb4 10. O-O Be7 11. Ng3 Bg6 12. a3 N4d5 13. Bd2 O-O 14.
Bc2 c5 15. dxc5 Bxc5 16. Nge4 Be7 17. Rc1 Rc8 18. Kh1 Qd7 19. Nxd5 Qxd5 20. Nd6 Rxc2 21. Rxc2 Bxc2 22. Qxc2 Bxd6 23. exd6 Rc8 24. Bc3 Qxd6 25. Qe4 Nd5 26. Be5 Qa6 27. Rd1 Qc4 28. Qe1 Qc2 29.
h3 h6 30. Kh2 Rc4 31. Rd2 Qf5 32. g3 Re4 33. Re2 Rxe2 34. Qxe2 a6 35. Bd4 h5 36. h4 f6 37. Qc4 Kh7 38. Bc5 Qe5 39. b4 Kg8 40. a4 Qc7 41. Qe4 Kf7 42. Qf3 g6 43. a5 Qc6 44. Kg2 Ne7 45. Bb6 Qxf3+ 46. Kxf3 e5 47.
Ke4 Ke6 48. Bd8 f5+ 49. Kd3 Nc6 50. Bg5 Nxb4+ 51. Kc4 Nc6 52. Kc5 Nxa5 53. Kb6 Nc4+ 54. Kxb7 a5 55. Kc6 a4 56. Bd2 Nxd2 0-1

[Event "*** Titled Tuesday Blitz"]
[Site "Chess.com"]
[Date "2021.03.16"]
[Round "2"]
[White "Anton_Demchenko"]
[Black "volkanyirik"]
[Result "1-0"]
[WhiteElo "2884"]
[BlackElo "2399"]
[TimeControl "180+1"]
[EndTime "10:18:05 PDT"]
[Termination "Anton_Demchenko won by resignation"]

1. e4 c5 2. Nf3 d6 3. d4 cxd4 4. Qxd4 a6 5. Be2 Nc6 6. Qe3 g6 7. O-O Nf6 8. c4 Bg7 9. h3 O-O 10. Nc3 Rb8 11. Rd1 Qa5 12. Bd2 Qc5 13. Rac1 Qxe3 14.
Bxe3 h6 15. b3 Be6 16. Nd4 Nxd4 17. Bxd4 Rfd8 18. Bb6 Rdc8 19. Nd5 Bxd5 20. exd5 Ne4 21. Bg4 f5 22. Bf3 Ng5 23. Rd3 Nxf3+ 24. Rxf3 Re8 25.
Re1 Bf6 26. Re6 Kf7 27. g4 fxg4 28. hxg4 Kg7 29. a4 Rf8 30. Rfe3 Rf7 31. R3e4 g5 32. b4 Bc3 33. c5 dxc5 34. bxc5 Bf6 35. a5 Rc8 36. Kg2 Kf8 37. c6 bxc6 38. dxc6 Bc3 39. Rxh6 Kg7 40. Rhe6 Bb4 41. R4e5 Bd2 42.
Rd5 Bf4 43. Rf5 Rxf5 44. gxf5 Kf7 45. Kf3 Bc7 46. Ke4 g4 47. Rh6 Bd6 48. Bd4 Rxc6 49. Rh7+ Ke8 50. Kd5 Rc2 51. f6 exf6 52. Kxd6 f5 53. Ke6 Re2+ 54. Be5 1-0

[Event "*** Titled Tuesday Blitz"]
[Site "Chess.com"]
[Date "2021.03.16"]
[Round "2"]
[White "Jospem"]
[Black "MatyChess1"]
[Result "1-0"]
[WhiteElo "2921"]
[BlackElo "2607"]
[TimeControl "180+1"]
[EndTime "10:18:06 PDT"]
[Termination "Jospem won by resignation"]

1. e4 c5 2. Nf3 d6 3. c3 Nf6 4. h3 g6 5. Bd3 Bg7 6. Bc2 O-O 7.
d4 cxd4 8. cxd4 Nc6 9. O-O e5 10. d5 Nb4 11. Nc3 Nxc2 12. Qxc2 Bd7 13. a4 a6 14. a5 b5 15. Qb3 Qc7 16. Be3 Rfc8 17. Nd2 Nh5 18. Bb6 Qb7 19. Ne2 f5 20. Rfc1 Bh6 21.
Be3 f4 22. Bb6 Rxc1+ 23. Rxc1 f3 24. Nxf3 Bxc1 25. Nxc1 Rc8 26. Ne2 Nf6 27. Nd2 Rf8 28.
Qb4 Qb8 29. Nf1 Nh5 30. Qd2 Nf4 31. Nxf4 Rxf4 32. f3 Qc8 33. b3 Rf6 34. Bf2 Bxh3 35. Qg5 Rf7 36. gxh3 Qxh3 37. Nd2 Qc8 38. Be3 Kg7 39.
Kf2 Kg8 40. Ke2 Qc2 41. Qd8+ Kg7 42. Qxd6 Qc3 43. Qc5 Qxa5 44. d6 Qd8 45. Qxe5+ Kg8 46. Qd5 Qf6 47. e5 Qf5 48. f4 Qh5+ 49. Kd3 Qf5+ 50.
Ne4 g5 51. fxg5 h6 52. gxh6 Kh7 53. Qxf7+ Qxf7 54. Ng5+ Kg6 55. Nxf7 Kxf7 56. h7 1-0

[Event "*** Titled Tuesday Blitz"]
[Site "Chess.com"]
[Date "2021.03.16"]
[Round "2"]
[White "CrazyMartian"]
[Black "Nesty_Javi_Chess"]
[Result "0-1"]
[WhiteElo "2238"]
[BlackElo "2635"]
[TimeControl "180+1"]
[EndTime "10:18:11 PDT"]
[Termination "Nesty_Javi_Chess won by resignation"]

1. d4 Nf6 2. c4 g6 3. Nc3 d6 4. e4 Bg7 5. Nf3 O-O 6. Be2 e5 7. O-O Nc6 8. dxe5 Nxe5 9. Nxe5 dxe5 10. Qa4 c6 11. Rd1 Qe7 12. Be3 Be6 13. c5 a6 14.
Rd6 Rfd8 15. Rad1 Ne8 16. Rxd8 Rxd8 17. f3 Rxd1+ 18. Qxd1 h6 19. b4 f5 20. a3 Kh7 21.
Qd2 Nf6 22. a4 Qf7 23. b5 axb5 24. axb5 Bc4 25. bxc6 bxc6 26. Bd3 Bxd3 27. Qxd3 f4 28. Bf2 Qb3 29. g3 g5 30. Kg2 fxg3 31. hxg3 h5 32. Qe3 Bh6 33. Nd5 Qxe3 34. Nxf6+ Kg6 35. Bxe3 Kxf6 36. Kf2 Kg6 37. Kg2 Bf8 38. Kf2 Be7 39.
Kg2 Kf6 40. Kf2 Ke6 41. Ke2 Kd7 42. Kd3 h4 43. gxh4 gxh4 44. Bg1 h3 45. Ke2 Bxc5 46. Kf1 Bxg1 47. Kxg1 c5 48. Kh2 c4 49. Kxh3 c3 50. Kg2 c2 51. Kf2 c1=Q 52. Ke2 Qf4 0-1

[Event "*** Titled Tuesday Blitz"]
[Site "Chess.com"]
[Date "2021.03.16"]
[Round "2"]
[White "rachidhuilda"]
[Black "SharapovEvgeny"]
[Result "1-0"]
[WhiteElo "2301"]
[BlackElo "2481"]
[TimeControl "180+1"]
[EndTime "10:18:12 PDT"]
[Termination "rachidhuilda won by resignation"]

1. d4 d5 2. c4 c6 3. Nf3 Nf6 4. Nc3 g6 5. c5 Bg7 6. h3 O-O 7. Bf4 Bf5 8. e3 Ne4 9. Be2 Nxc3 10. bxc3 b6 11. cxb6 axb6 12. O-O Nd7 13. a4 Be4 14. Qb3 Bxf3 15. Bxf3 e5 16. Bh2 e4 17. Be2 Ra5 18.
c4 c5 19. cxd5 cxd4 20. exd4 Bxd4 21. Rad1 Bg7 22. Bb5 Nc5 23. Qc2 Qg5 24. Bd6 Rd8 25. Bxc5 bxc5 26. Qxe4 Bd4 27. Bc6 Ra7 28. Rfe1 Qf6 29.
Re2 h5 30. Rd3 Rb8 31. Rf3 Qg5 32. d6 Rd8 33. d7 Kg7 34. g3 Raxd7 35. Bxd7 Rxd7 36.
h4 Qc1+ 37. Kg2 Qd1 38. Qe8 Bf6 39. Rxf6 c4 40. Qe5 Qd5+ 41. Qxd5 Rxd5 42. Rc6 Rd4 43. Rc2 c3 44. R6xc3 Rxa4 45. Rc7 Ra6 46. Re2 Rf6 47. Ree7 Rf5 48. f3 Rf6 49. g4 hxg4 50. fxg4 Rf4 51. Kg3 Rf1 52. Re2 Rg1+ 53. Kh3 Rh1+ 54. Kg3 Rg1+ 55.
Rg2 Rf1 56. Rf2 1-0

[Event "*** Titled Tuesday Blitz"]
[Site "Chess.com"]
[Date "2021.03.16"]
[Round "2"]
[White "Maddie"]
[Black "Taran2004"]
[Result "0-1"]
[WhiteElo "2071"]
[BlackElo "2415"]
[TimeControl "180+1"]
[EndTime "10:18:13 PDT"]
[Termination "Taran2004 won on time"]

1. d4 Nf6 2. c4 g6 3. Nc3 Bg7 4. e4 O-O 5. f4 d6 6. Nf3 c5 7. Be3 cxd4 8. Nxd4 Nc6 9. Be2 a6 10. O-O Qc7 11. Rc1 Bd7 12. Qd2 Rac8 13. Bf3 e5 14.
Nxc6 Bxc6 15. b3 Rfd8 16. Nd5 Bxd5 17. cxd5 Qe7 18. f5 b5 19. fxg6 fxg6 20. Bg5 Qa7+ 21. Kh1 Rf8 22. Bxf6 Bxf6 23. Bg4 Rxc1 24. Rxc1 Kg7 25.
Rc6 Bg5 26. Qe2 Qe3 27. g3 h5 28. Qxe3 Bxe3 29. Bh3 Bc5 30. Rxa6 g5 31. Ra5 b4 32. Rb5 Rf2 33. Bg2 Rxa2 34. h4 g4 35. Rb7+ Kg6 36.
Bf1 Ra1 37. Kg2 Re1 38. Bd3 Re3 39. Bb5 Rxb3 40. Be8+ Kh6 41. Re7 Rb2+ 42. Kf1 Rf2+ 43. Ke1 Rf6 44. Rb7 Bf2+ 45. Ke2 Bxg3 46. Rxb4 Bxh4 47.
Rb8 Kg5 48. Bd7 Bg3 49. Bf5 Rxf5 50. Rg8+ Kf4 51. Rf8 Rxf8 0-1

[Event "*** Titled Tuesday Blitz"]
[Site "Chess.com"]
[Date "2021.03.16"]
[Round "2"]
[White "GMKrikor"]
[Black "JimmmyZhang"]
[Result "0-1"]
[WhiteElo "2748"]
[BlackElo "2515"]
[TimeControl "180+1"]
[EndTime "10:18:18 PDT"]
[Termination "JimmmyZhang won by resignation"]

1. Nf3 Nf6 2. c4 e6 3. Nc3 d5 4. e3 Nbd7 5. b3 b6 6. Bb2 Bb7 7. cxd5 Nxd5 8. Nxd5 Bxd5 9. Rc1 c5 10. Be2 Be7 11. O-O O-O 12. d4 Bf6 13. Qc2 Rc8 14. Qb1 Bb7 15. Rfd1 Qe7 16. dxc5 Nxc5 17. Qa1 Bxb2 18.
Qxb2 Rfd8 19. h3 Qf6 20. Qxf6 gxf6 21. Nd4 Ne4 22. Bf3 f5 23. Nb5 Rxd1+ 24. Rxd1 Bd5 25. Bxe4 Bxe4 26. f3 Bb7 27. Nd6 Rd8 28. Kf2 Kf8 29. Ke1 Bc6 30. Nc4 Rc8 31. Ne5 Be8 32. Kd2 f6 33. Nd3 e5 34. Nb4 Ke7 35. Nd5+ Ke6 36. Nc3 h5 37. Rc1 h4 38. Ne2 Rxc1 39. Nxc1 Bb5 40.
Ke1 Kd5 41. Ne2 Bxe2 42. Kxe2 b5 43. a3 a5 44. Kd2 Kc5 45. Kc3 b4+ 46. axb4+ axb4+ 47.
Kd3 Kd5 48. Kd2 f4 49. Kd3 fxe3 50. Kxe3 f5 51. Kd3 e4+ 52. fxe4+ fxe4+ 53. Ke3 Ke5 54. Kf2 Kd4 55. g3 hxg3+ 56. Kxg3 e3 57. h4 Kd3 58. h5 e2 59. h6 e1=Q+ 0-1

[Event "*** Titled Tuesday Blitz"]
[Site "Chess.com"]
[Date "2021.03.16"]
[Round "2"]
[White "AsaHoffmann"]
[Black "grzechu96"]
[Result "0-1"]
[WhiteElo "2355"]
[BlackElo "2642"]
[TimeControl "180+1"]
[EndTime "10:18:21 PDT"]
[Termination "grzechu96 won on time"]

1. d4 Nf6 2. Bg5 d5 3. Nd2 Nbd7 4. e3 g6 5. Bd3 Bg7 6. f4 c5 7. c3 O-O 8. Ngf3 b6 9. O-O Bb7 10. Ne5 Ne4 11. Bxe4 dxe4 12. Nxd7 Qxd7 13. dxc5 bxc5 14. Nb3 Qc7 15. Qe2 a5 16. Rfd1 Ba6 17. Qf2 a4 18.
Nd2 Bd3 19. a3 Rab8 20. Nf1 Rb5 21. Rd2 Rfb8 22. Rad1 Qb7 23. f5 Rxb2 24. f6 exf6 25. Bxf6 Rb3 26. Bxg7 Kxg7 27. Ng3 Rxc3 28. h4 h5 29. Qf4 Re8 30. Rf2 Qe7 31. Rdd2 Rxa3 32. Rb2 Rb3 33. Ra2 a3 34. Kh2 c4 35. Ne2 Rb2 36. Nd4 Rxf2 37. Rxf2 Qe5 38. Qxe5+ Rxe5 39. Ra2 Ra5 40. Nc6 Ra4 41. Nd4 Bb1 42.
Ra1 a2 43. Ne2 Ra3 44. Kg3 c3 45. Nc1 c2 46. Kf2 Kf6 47. Ke2 Kf5 48. g3 Kg4 49. Kd2 Kxg3 50. Ne2+ Kxh4 51. Nd4 Rd3+ 52. Ke2 c1=Q 0-1

[Event "*** Titled Tuesday Blitz"]
[Site "Chess.com"]
[Date "2021.03.16"]
[Round "2"]
[White "Nemsko"]
[Black "enriquetejedor"]
[Result "1-0"]
[WhiteElo "2320"]
[BlackElo "2535"]
[TimeControl "180+1"]
[EndTime "10:18:21 PDT"]
[Termination "Nemsko won by checkmate"]

1. e4 Nc6 2. d4 d5 3. e5 Bf5 4. Nf3 Qd7 5. Bd3 O-O-O 6. O-O f6 7.
Re1 g5 8. c3 h5 9. Qc2 Nh6 10.
Nbd2 Bxd3 11. Qxd3 g4 12. Nh4 fxe5 13. dxe5 e6 14. Nb3 Nf7 15. Ng6 Rg8 16. Bf4 Nh8 17. Nxh8 Rxh8 18. Nd4 Bc5 19. Bg5 Rdf8 20. Bf6 Rhg8 21. Re2 Nxd4 22. cxd4 Be7 23. Bxe7 Qxe7 24. Rc1 Kb8 25. Rec2 Rf7 26. a3 Qg5 27. b4 Rgf8 28.
b5 b6 29. a4 Rg7 30. a5 h4 31. axb6 axb6 32. Qa3 g3 33. Qxf8+ Kb7 34. hxg3 hxg3 35. fxg3 Qxg3 36. Qf2 Qg5 37. Ra1 Rh7 38. Rca2 Qh6 39. Ra7+ Kc8 40. Ra8+ Kd7 41. Qg3 Qh1+ 42. Kf2 Rf7+ 43.
Ke2 Qh5+ 44. Kd2 Qh6+ 45. Kc3 Qh7 46. Qd3 Qg7 47. R1a2 Qg5 48. Rc2 Qf4 49. Ra7 Qh4 50.
Kb3 Kd8 51. Ra8+ Kd7 52. Qc3 c5 53. bxc6+ Kc7 54. Ra7+ Kb8 55. Rxf7 Qh1 56. c7+ Ka7 57. c8=Q# 1-0

[Event "*** Titled Tuesday Blitz"]
[Site "Chess.com"]
[Date "2021.03.16"]
[Round "2"]
[White "HanSchut"]
[Black "zverr1"]
[Result "1-0"]
[WhiteElo "2245"]
[BlackElo "2459"]
[TimeControl "180+1"]
[EndTime "10:18:21 PDT"]
[Termination "HanSchut won by resignation"]

1. e4 g6 2. d4 Bg7 3. Nc3 c6 4. f4 d5 5. Nf3 Bg4 6. e5 Nh6 7. h3 Bxf3 8. Qxf3 Nf5 9. Ne2 h5 10. g3 c5 11. Bg2 e6 12. Qb3 Nc6 13. dxc5 Qa5+ 14. Bd2 Qxc5 15. O-O-O h4 16. g4 Nfd4 17. Nxd4 Nxd4 18. Qa4+ b5 19. Bb4 bxa4 20. Bxc5 Ne2+ 21.
Kb1 Nxf4 22. Bf1 Bxe5 23. Bb5+ Kd8 24. Rhe1 f6 25. c4 Rc8 26. Ba3 d4 27. Bxa4 Nxh3 28. c5 Nf2 29. Rd2 Nxg4 30. Bb3 Kd7 31. Ba4+ Ke7 32. c6+ Kf7 33. Bd1 Ne3 34. Rxe3 dxe3 35. Rd7+ Kg8 36. Bb3 Rh7 37. Bxe6+ Kh8 38. Rxh7+ Kxh7 39. Bxc8 e2 40. Bb4 Bg3 41. Bg4 f5 42. Bxe2 h3 43. Bf3 g5 44. Ba5 g4 45. Bd5 Bc7 46.
Bxc7 Kg6 47. Bf4 g3 48. Bxg3 Kh5 49. Be5 Kg4 50. c7 f4 51. Bxf4 h2 52. c8=Q+ Kxf4 53. Qe6 a5 54. Qe4+ Kg5 55. Qg2+ Kf4 56. Qxh2+ Ke3 57.
Qc2 a4 58. Bc4 a3 59. bxa3 Kd4 60. Bb3 Ke3 61. a4 Kd4 62. a5 Ke5 63. a6 Kd6 64.
a7 Kd7 65. a8=Q Ke7 66. Qa6 Kd7 67. Qc5 Kd8 68. Qca7 Ke8 69. Q6b7 1-0

[Event "*** Titled Tuesday Blitz"]
[Site "Chess.com"]
[Date "2021.03.16"]
[Round "2"]
[White "bakki78"]
[Black "ukchessbomber"]
[Result "1-0"]
[WhiteElo "2793"]
[BlackElo "2523"]
[TimeControl "180+1"]
[EndTime "10:18:22 PDT"]
[Termination "bakki78 won by checkmate"]

1. e4 e5 2. Nf3 Nc6 3. Bb5 a6 4. Ba4 Nf6 5. Nc3 Bc5 6. Bxc6 dxc6 7. d3 Nd7 8. Ne2 O-O 9. Ng3 Re8 10. O-O f6 11. c3 Nf8 12. h3 Ba7 13. Be3 Ng6 14. Bxa7 Rxa7 15. d4 Qe7 16. Nf5 Qf8 17. Re1 Be6 18.
dxe5 fxe5 19. Ng5 Qf6 20. Nxe6 Qxe6 21. g3 Raa8 22. Qb3 Qxb3 23. axb3 Ne7 24. Ne3 Rad8 25. Red1 Nc8 26. f3 Kf7 27. Kf2 Nd6 28. Ke2 Rd7 29.
Ra5 Rdd8 30. Ng4 Nb5 31. Rxd8 Rxd8 32. Nxe5+ Ke6 33. Nd3 Kd6 34. b4 Ra8 35. Ra1 b6 36.
Rd1 Ke6 37. Ra1 Kd6 38. h4 h6 39. Ke3 Ke6 40. h5 Nd6 41. g4 Nc4+ 42. Ke2 Nd6 43.
Ne1 Nc4 44. b3 Nd6 45. Nc2 Nb5 46. c4 Nd6 47. Nd4+ Kd7 48. e5 Nc8 49. Rd1 c5 50. bxc5 bxc5 51. Nf5+ Ke6 52. f4 Ne7 53. Nxg7+ Kf7 54.
Nf5 Nc6 55. Rd7+ Ke6 56. Rxc7 Nd4+ 57. Nxd4+ cxd4 58. Rc6+ Kd7 59. Rxh6 Ke7 60. Kd3 Rb8 61. Rxa6 Rxb3+ 62. Kxd4 Rg3 63. g5 Rg4 64. Ke4 Rh4 65. h6 Rh1 66. h7 Kf8 67. Ra8+ Kf7 68. h8=Q Re1+ 69. Kf5 Rxe5+ 70. fxe5 Ke7 71. Qg7# 1-0

[Event "*** Titled Tuesday Blitz"]
[Site "Chess.com"]
[Date "2021.03.16"]
[Round "2"]
[White "korbul"]
[Black "northridgehawk"]
[Result "1-0"]
[WhiteElo "2613"]
[BlackElo "2348"]
[TimeControl "180+1"]
[EndTime "10:18:25 PDT"]
[Termination "korbul won by resignation"]

1. d4 Nf6 2. Nf3 g6 3. Bg5 Bg7 4. Nbd2 d5 5. e3 h6 6. Bh4 O-O 7. Bd3 c5 8. c3 Nc6 9. O-O Be6 10. dxc5 Nd7 11. Nd4 Nxc5 12. Nxe6 Nxe6 13. Bc2 Qb6 14. Rb1 Rad8 15. Qe2 Rd7 16. Rfd1 Rfd8 17. f4 Nxf4 18. Qf2 Na5 19. Qxf4 g5 20. Bxg5 hxg5 21. Qxg5 Rd6 22. Nf3 Nc4 23. Nd4 e6 24. Rf1 R8d7 25. Rf2 Qd8 26.
Qh5 Ne5 27. Rbf1 Qe7 28. Rf4 f5 29. Rh4 Qf6 30. Qh7+ Kf8 31. Nxf5 exf5 32. Rxf5 Rf7 33. Rxf6 Rdxf6 34. h3 Rf1+ 35. Kh2 R1f2 36. Rf4 R7xf4 37.
exf4 Nf7 38. Qg6 Rxf4 39. Kg3 Rf6 40. Qg4 Bh6 41. Kh2 Bf4+ 42. Kg1 Be5 43. g3 d4 44. cxd4 Bd6 45. Bb3 Ke7 46. Kg2 Nd8 47. Qe4+ Kd7 48.
Bd5 Rf8 49. h4 Kc7 50. h5 Re8 51. Qxe8 b6 52. Qe4 a5 53. h6 Bf8 54. h7 Bg7 55.
Qe7+ Kc8 56. Qxg7 1-0

[Event "*** Titled Tuesday Blitz"]
[Site "Chess.com"]
[Date "2021.03.16"]
[Round "2"]
[White "mishanick"]
[Black "jfriedel"]
[Result "1-0"]
[WhiteElo "3017"]
[BlackElo "2616"]
[TimeControl "180+1"]
[EndTime "10:18:32 PDT"]
[Termination "mishanick won by resignation"]

1. e4 e5 2. Nf3 Nc6 3. Bb5 a6 4. Ba4 d6 5. c3 Bd7 6. d4 Nf6 7. Qe2 b5 8. Bb3 Bg4 9. Be3 Be7 10. Nbd2 O-O 11. O-O Bh5 12. a4 Rb8 13. axb5 axb5 14. Ra6 Qd7 15. Rd1 Ng4 16. h3 Nxe3 17. Qxe3 exd4 18.
cxd4 Bf6 19. Rc1 Rb6 20. Rxb6 cxb6 21. Qd3 Na5 22. Bd5 h6 23. b3 b4 24. Qa6 Rb8 25. Qd3 Rc8 26. Rc2 Rc7 27. g4 Bg6 28. Kg2 Qc8 29. Rxc7 Qxc7 30. Qb5 Kh7 31. Qxb4 Be7 32.
Qb5 h5 33. b4 hxg4 34. hxg4 Nb7 35. Qe8 Nd8 36. Qb5 Qc8 37. Nh2 Ne6 38. Bxe6 Qxe6 39. Qd3 d5 40. Qh3+ Kg8 41. e5 Bxb4 42. Qe3 Bxd2 43.
Qxd2 b5 44. Qb4 Qc6 45. Nf1 Be4+ 46. Kg3 Qc4 47. Qe1 b4 48. f3 Qd3 49. Ne3 Bg6 50.
Nxd5 b3 51. Qb4 Be4 52. Ne7+ Kh7 53. Qe1 Qxf3+ 54. Kh4 Qh1+ 55. Qxh1 Bxh1 56. e6 b2 57. exf7 b1=Q 58. f8=Q Qe1+ 59. Kh5 Qe6 60. Qf5+ g6+ 61. Nxg6 Qxg6+ 62. Qxg6+ 1-0

[Event "*** Titled Tuesday Blitz"]
[Site "Chess.com"]
[Date "2021.03.16"]
[Round "2"]
[White "IsaacWiebe"]
[Black "MustafayevFarid2004"]
[Result "1-0"]
[WhiteElo "2252"]
[BlackElo "2461"]
[TimeControl "180+1"]
[EndTime "10:18:34 PDT"]
[Termination "IsaacWiebe won by resignation"]

1. d4 Nf6 2. c4 e6 3. Nf3 d5 4. Nc3 Bb4 5. Bg5 h6 6. Bh4 Nbd7 7. e3 O-O 8. cxd5 exd5 9. Bd3 c6 10.
O-O Qc7 11. Rc1 Bxc3 12. Rxc3 Ne4 13. Bxe4 dxe4 14. Nd2 Re8 15. d5 Nb6 16. dxc6 bxc6 17. Qc2 Bd7 18. Nxe4 Bf5 19. Nf6+ gxf6 20. Qxf5 Qe5 21.
Qxf6 Qxf6 22. Bxf6 Rac8 23. Bd4 Nd5 24. Rc5 Re6 25.
Rfc1 Nb4 26. Ra5 Nd3 27. Rd1 c5 28. Bc3 c4 29. g3 a6 30. Kg2 Rb6 31. b3 cxb3 32.
Rxd3 b2 33. Bxb2 Rxb2 34. Rxa6 Kg7 35. Ra4 f5 36. Rf4 Rc5 37. Rd7+ Kf6 38. Rd6+ Kg7 39. a4 Ra2 40. h4 Ra5 41. h5 R2xa4 42. Rg6+ Kh7 43.
Rxa4 Rxa4 44. Rf6 Ra5 45. Kf3 Kg7 46. Rg6+ Kh7 47. Kf4 Ra2 48. f3 Ra5 49. Rf6 Kg7 50.
Rxf5 Ra4+ 51. e4 Ra3 52. Rb5 Rc3 53. g4 Rd3 54. Rb7+ Kg8 55. Rb6 Kg7 56. Rg6+ Kh7 57. Ra6 Kg7 58. e5 Rc3 59. Ke4 Rb3 60. f4 1-0